 Dungeon Crawl Stone Soup version 0.26.1-2-gb8aa6d0cf2 (webtiles) character file.

Game seed: 6549640112903108980

11075 DwarfAlpaca the Frost Mage (level 11, -2/74 HPs)
             Began as a Yellow Draconian Ice Elementalist on Mar 28, 2021.
             Was an Elder of Sif Muna.
             Slain by a troll (3 damage)
             ... on level 11 of the Dungeon.
             The game lasted 01:15:48 (19388 turns).

DwarfAlpaca the Frost Mage (DrIE)                  Turns: 19388, Time: 01:15:49

Health: -2/74      AC: 13    Str: 11    XL:     11   Next: 44%
Magic:  15/24      EV: 12    Int: 19    God:    Sif Muna [****..]
Gold:   723        SH:  0    Dex: 11    Spells: 13/28 levels left

rFire    . . .     SeeInvis +   A - +1 dagger (vamp)
rCold    + . .     Faith    .   (no shield)
rNeg     . . .     Spirit   .   (armour unavailable)
rPois    .         Reflect  .   B - +2 hat {SInv}
rElec    .         Harm     .   (no cloak)
rCorr    +         Rampage  .   (no gloves)
Will     .....                  (no boots)
Stlth    ++........             (no amulet)
HPRegen  0.22/turn              D - +4 ring of protection
MPRegen  0.19/turn              p - ring of protection from cold

@: very slightly contaminated
A: spit acid, unfitting armour, cold-blooded, acid resistance, AC +7
a: Breathe Acid, Renounce Religion, Channel Magic, Forget Spell, Divine Exegesis


You were on level 11 of the Dungeon.
You worshipped Sif Muna.
Sif Muna was greatly pleased with you.
You visited 1 branch of the dungeon, and saw 11 of its levels.

You collected 723 gold pieces.

Inventory:

Hand Weapons
 A - a +1 vampiric dagger (weapon)
Armour
 B - a +2 hat of see invisible (worn)
Jewellery
 p - a ring of protection from cold (right hand)
 D - a +4 ring of protection (left hand)
Wands
 g - a wand of random effects (16)
 s - a wand of iceblast (6)
 t - a wand of flame (20)
 u - a wand of acid (6)
 y - a wand of disintegration (21)
 G - a wand of paralysis (6)
Scrolls
 a - 5 scrolls of amnesia
 b - 5 scrolls of teleportation
 d - 5 scrolls of enchant armour
 e - 9 scrolls of remove curse
 h - 2 scrolls of fear {unknown}
 i - 9 scrolls of identify
 k - 2 scrolls of blinking
 l - a scroll of enchant weapon
 m - a scroll of acquirement {unknown}
 w - a scroll of silence {unknown}
Potions
 c - 9 potions of curing
 f - 5 potions of lignification
 j - 4 potions of flight
 n - a potion of attraction {unknown}
 o - a potion of magic {unknown}
 q - 4 potions of brilliance
 r - 2 potions of berserk rage
 v - a potion of heal wounds {unknown}
 x - a potion of mutation {unknown}
 z - 2 potions of invisibility
 C - 3 potions of might
 E - a potion of haste {unknown}
Miscellaneous
 I - a box of beasts (inert)


   Skills:
 - Level 1.7 Dodging
 - Level 1.7 Stealth
 + Level 9.3 Spellcasting
 * Level 14.0 Ice Magic
 - Level 7.0 Invocations


You had 13 spell levels left.
You knew the following spells:

 Your Spells              Type           Power        Failure   Level
a - Freeze                Ice            100%         1%          1
b - Frozen Ramparts       Ice            100%         1%          3
c - Ozocubu's Armour      Ice            58%          1%          3
d - Summon Ice Beast      Ice/Summ       35%          4%          4
e - Hailstorm             Conj/Ice       35%          4%          4

Your spell library contained the following spells:

 Spells                   Type           Power        Failure   Level
 Animate Skeleton         Necr           16%          8%          1
 Foxfire                  Conj/Fire      32%          8%          1
 Pain                     Necr           32%          8%          1
 Metabolic Englaciation   Hex/Ice        17%          12%         5
 Confusing Touch          Hex            8%           24%         3
 Gell's Gravitas          Tloc           4%           24%         3
 Ignite Poison            Fire/Tmut/Pois 8%           24%         3
 Inner Flame              Hex/Fire       8%           24%         3
 Vampiric Draining        Necr           4%           24%         3
 Animate Dead             Necr           4%           61%         4
 Petrify                  Tmut/Erth      8%           61%         4
 Freezing Cloud           Conj/Ice/Air   13%          87%         6
 Agony                    Necr           8%           91%         5
 Fireball                 Conj/Fire      4%           91%         5
 Yara's Violent Unravell  Hex/Tmut       4%           91%         5


Dungeon Overview and Level Annotations

Branches:
Dungeon (11/15)            Temple (0/1) D:5            Lair (0/6) D:11
    Orc (0/2) D:9

Altars:
Ashenzari
Gozag
Ru
Sif Muna
Trog
Xom

Shops:
D:10 *

Annotations:
D:7 3 runed translucent doors, thenerdymusicguy's ghost, novice MiBe


Innate Abilities, Weirdness & Mutations

You can spit globs of acid.
Your golden yellow scales are hard. (AC +7)
You cannot fit into any form of body armour.
You are cold-blooded and may be slowed by cold attacks.
You are resistant to acid. (rCorr)


Message History

The troll is lightly wounded.
The troll closely misses you. The troll barely misses you.
The troll closely misses you.
You hit the troll.
You feel better.
You tail-slap the troll.
The troll is lightly wounded.
The troll bites you! The troll claws you!
* * * LOW HITPOINT WARNING * * *
The troll claws you but does no damage.
You barely miss the troll.
The troll is lightly wounded.
The troll barely misses you. The troll claws you.
* * * LOW HITPOINT WARNING * * *
The troll claws you.
* * * LOW HITPOINT WARNING * * *
You closely miss the troll.
The troll is lightly wounded.
The troll bites you!
* * * LOW HITPOINT WARNING * * *
The troll claws you.
You die...

... .. .#....##.
...... .##.......
....# .#......n#
....# .........#
#n#.# #.......# #
#Y#.# .#...._..# .#
#T#.####
.#.......##.#
#.@Y...#
.....<......#
###.##.#
##........### #.#
..........#######.#
..................#
####........#######
##........P.##
#.P..........#
#............#


You could see a troll, a sky beast, a necrophage and a friendly ice beast
(summoned).

Vanquished Creatures
  Erica (D:11)
  A cyclops (D:9)
  2 komodo dragons (D:11)
  3 slime creatures
  2 wyverns (D:11)
  2 water moccasins (D:11)
  An acid dragon (D:9)
  Duvessa (D:6)
  5 orc warriors
  2 sky beasts
  3 black bears
  A necrophage (D:9)
  4 ice beasts
  10 ogres
  3 centaurs
  12 bullfrogs
  Dowan (D:6)
  3 scorpions
  11 killer bees
  A howler monkey (D:10)
  2 wights (D:6)
  3 crimson imps (D:5)
  3 bullfrog zombies (D:5)
  A quasit (D:8)
  7 orc priests
  4 hounds
  2 centaur skeletons
  Jessica (D:4)
  5 iguanas
  19 orc wizards
  11 worker ants
  A killer bee zombie (D:5)
  A hound zombie (D:7)
  Robin (D:4)
  3 gnolls (D:5)
  6 adders
  A shadow imp (D:5)
  2 white imps
  An ufetubus (D:10)
  An ooze (D:3)
  An adder skeleton (D:9)
  5 worms
  A dart slug (D:2)
  6 leopard geckos
  33 orcs
  2 ball pythons (D:1)
  5 giant cockroaches
  10 hobgoblins
  4 jackals
  6 quokkas
  5 bats
  5 frilled lizards
  14 goblins
  6 kobolds
  A leopard gecko zombie (D:8)
  5 rats
253 creatures vanquished.

Vanquished Creatures (collateral kills)
  Gastronok (D:8)
  A two-headed ogre (D:8)
  2 centaur skeletons
  Grinder (D:5)
  A slime creature (D:10)
  2 orc warriors
  2 ice beasts
  2 necrophages (D:8)
  A phantom (D:9)
  2 ogres
  A bullfrog (D:8)
  3 wights (D:5)
  A howler monkey (D:9)
  A crimson imp (D:5)
  3 bullfrog zombies
  An orc wizard (D:10)
  2 iguanas (D:8)
  A killer bee zombie (D:8)
  A worker ant zombie (D:9)
  A white imp (D:10)
  An adder skeleton (D:7)
  2 orcs
33 creatures vanquished.

Vanquished Creatures (others)
  An orc wizard (D:9)
  44 fungi (D:11)
  48 plants (D:11)
93 creatures vanquished.

Grand Total: 379 creatures vanquished

Notes
Turn   | Place    | Note
-------+----------+-------------------------------------------
     0 | D:1      | DwarfAlpaca the Draconian Ice Elementalist began the quest
                  | for the Orb.
     0 | D:1      | Reached XP level 1. HP: 14/14 MP: 3/3
   577 | D:1      | Reached XP level 2. HP: 20/20 MP: 1/5
  1483 | D:2      | Found a sacrificial altar of Ru.
  1488 | D:2      | Became a worshipper of Ru the Awakened
  1501 | D:2      | Reached XP level 3. HP: 16/26 MP: 2/6
  1792 | D:2      | Learned a level 3 spell: Frozen Ramparts
  2828 | D:3      | Reached skill level 5 in Ice Magic
  3433 | D:3      | Reached XP level 4. HP: 32/33 MP: 2/8
  4553 | D:4      | Noticed an ogre
  4575 | D:4      | Learned a level 3 spell: Ozocubu's Armour
  4663 | D:4      | Noticed Jessica
  4674 | D:4      | Found a shimmering blue altar of Sif Muna.
  4750 | D:4      | Killed Jessica
  4751 | D:4      | Reached XP level 5. HP: 27/38 MP: 5/9
  4764 | D:4      | Fell from the grace of Ru
  4764 | D:4      | Became a worshipper of Sif Muna the Loreminder
  5263 | D:4      | Noticed Robin
  5377 | D:4      | Killed Robin
  5378 | D:4      | Reached skill level 6 in Ice Magic
  5802 | D:4      | Killed an ogre
  5803 | D:4      | Reached XP level 6. HP: 45/45 MP: 3/11
  5896 | D:5      | Entered Level 5 of the Dungeon
  5909 | D:4      | Learned a level 4 spell: Summon Ice Beast
  6236 | D:5      | Reached * piety under Sif Muna
  6293 | D:5      | Reached skill level 7 in Ice Magic
  6409 | D:5      | Your scales start taking on a golden yellow colour.
  6409 | D:5      | Reached XP level 7. HP: 28/50 MP: 8/13
  6409 | D:5      | Gained mutation: You are resistant to acid. (rCorr) [Yellow
                  | Draconian growth]
  7017 | D:5      | Reached skill level 8 in Ice Magic
  7233 | D:5      | Reached skill level 5 in Spellcasting
  7316 | D:5      | Found a shimmering altar of Xom.
  7388 | D:5      | Reached XP level 8. HP: 17/57 MP: 2/15
  7608 | D:5      | Found a staircase to the Ecumenical Temple.
  8009 | D:5      | Reached ** piety under Sif Muna
  8010 | D:5      | Reached skill level 1 in Invocations
  8442 | D:6      | Noticed Grinder
  8591 | D:6      | Reached skill level 9 in Ice Magic
  9068 | D:5      | Learned a level 4 spell: Hailstorm
  9094 | D:6      | Paralysed by Grinder for 2 turns
  9208 | D:6      | Paralysed by Grinder for 5 turns
  9212 | D:6      | Noticed Duvessa
  9444 | D:5      | Killed Grinder
 10320 | D:6      | Killed Duvessa
 10321 | D:6      | Reached skill level 10 in Ice Magic
 10326 | D:6      | Noticed Dowan
 10344 | D:6      | Killed Dowan
 10345 | D:6      | Reached XP level 9. HP: 38/62 MP: 8/18
 11486 | D:7      | Found a runed translucent gate.
 11486 | D:7      | Found a runed translucent gate.
 11802 | D:7      | Reached skill level 5 in Invocations
 11912 | D:7      | Found a runed translucent gate.
 11913 | D:7      | Found an opulent altar of Gozag.
 11913 | D:7      | Noticed thenerdymusicguy's ghost (novice MiBe)
 12258 | D:8      | Reached skill level 11 in Ice Magic
 12759 | D:8      | Found a broken altar of Ashenzari.
 12773 | D:8      | Noticed a two-headed ogre
 13276 | D:8      | Reached *** piety under Sif Muna
 13280 | D:8      | Noticed Gastronok
 13319 | D:8      | Killed Gastronok
 13320 | D:8      | Reached XP level 10. HP: 69/69 MP: 5/21
 14493 | D:8      | Reached skill level 12 in Ice Magic
 15284 | D:8      | Killed a two-headed ogre
 15764 | D:9      | Found a staircase to the Orcish Mines.
 16103 | D:9      | Noticed a cyclops
 16109 | D:9      | Killed a cyclops
 16470 | D:9      | Identified the Reference Book on the Glacier and the Blaze
 16652 | D:9      | Reached **** piety under Sif Muna
 16833 | D:9      | Reached skill level 13 in Ice Magic
 17476 | D:10     | Entered Level 10 of the Dungeon
 17500 | D:10     | Reached XP level 11. HP: 46/74 MP: 11/23
 18271 | D:10     | Found Voegus's General Store.
 18793 | D:11     | Found a bloodstained altar of Trog.
 18878 | D:11     | Noticed Erica
 18895 | D:11     | Killed Erica
 19315 | D:11     | Reached skill level 14 in Ice Magic
 19336 | D:11     | Found a staircase to the Lair.
 19388 | D:11     | HP: 1/74 [troll (9)]
 19388 | D:11     | Slain by a troll

Illustrated notes

Levels and vault maps discovered:
D:1:      tarquinn_simple_flora_water_f, layout_basic, hangedman_decor_push,
          minmay_fountain_box
D:2:      layout_loops_corners, lemuel_doored_altar
D:3:      layout_basic, minmay_fractal_squares_diagonal_5
D:4:      layout_basic, tgw_sif, uniq_robin
D:5:      layout_layer_cave, temple_pool_b, chequers_serial_rivers_room_b,
          led_xom_imps
D:6:      layout_cave_pools, uniq_duvessa, uniq_grinder
D:7:      layout_cave_pods, ebering_ghost_gozag
D:8:      layout_layer_cave, nicolae_ashenzari_panopticon, uniq_gastronok
D:9:      minmay_the_grid_triangle_9x9_recursive_2
          [minmay_the_grid_triangle_9x9_prize_insulated,
          minmay_the_grid_triangle_9x9_pentomino_pain,
          minmay_the_grid_triangle_9x9_wacky_v,
          minmay_the_grid_triangle_9x9_steps], layout_loops_cross, orc_0_dummy
D:10:     layout_cave_pools, serial_shops, shop, nicolae_benzene_ring
D:11:     layout_loops_ring, due_lair_maze_entry_diamond,
          minmay_misc_feat_plants, bloody_trog, uniq_josephine, uniq_erica

Skill      XL: |  1  2  3  4  5  6  7  8  9 10 11 |
---------------+----------------------------------+-----
Ice Magic      | 5 6 7 8 10 11 13 14 | 14.0
Spellcasting   | 3 4 5 6 7 8 9 |  9.3
Invocations    | 3 6 7 |  7.0
Dodging        | |  1.7
Stealth        | |  1.7

Action                   |  1- 3 |  4- 6 |  7- 9 | 10-12 || total
-------------------------+-------+-------+-------+-------++-------
Melee: Unarmed           |     9 |       |       |       ||     9
       Tailslap          |     5 |    14 |    22 |    32 ||    73
       Dagger            |    62 |   149 |   125 |   261 ||   597
       Halberd           |       |       |    51 |       ||    51
 Cast: Freeze            |    55 |     4 |     6 |    19 ||    84
       Frozen Ramparts   |     6 |    20 |    38 |    47 ||   111
       Ozocubu's Armour  |       |     1 |     9 |     4 ||    14
       Summon Ice Beast  |       |       |    33 |    32 ||    65
       Hailstorm         |       |       |     1 |    12 ||    13
Invok: Reject Sacrifices |       |     1 |       |       ||     1
 Abil: Breathe Acid      |       |       |    46 |    16 ||    62
Evoke: Wand              |       |     2 |       |       ||     2
       Box of beasts     |       |       |       |     1 ||     1
  Use: Scroll            |       |       |     1 |    18 ||    19
 Stab: Sleeping          |     2 |       |       |       ||     2
       Paralysed         |       |       |     2 |       ||     2
       Distracted        |       |       |     2 |     1 ||     3
Armor: Skin              |    33 |    35 |    67 |   104 ||   239
Dodge: Dodged            |    64 |   115 |   145 |   178 ||   502
